AoeStats
← Shiverpops

Northern Isles

510455569Analyzed
1v1 RM · 1d ago on Oct 1, 2026· 34m 45s· 2 players
Game mode
Random Map
Map size
Tiny (2 player)
Population
200
Speed
Normal
Resources
Standard
Victory
Conquest
Starting age
Dark Age
Ending age
Imperial Age
RankedLock teamsTeams togetherTeam positionsShared explorationLock speedFull tech treeHidden civsTurbo modeCheats
Victory
Defeat
🇨🇦 Celts · Canada
971
+17
🇦🇺 Turks · Australia
995
-17
The Dullard
12:17 Feudal Age
13:26 Fishing Lines
14:26 Double-Bit Axe
16:09 Wheelbarrow
17:17 Horse Collar
20:55 Castle Age
19:20 Fletching
21:53 Medium Warships
22:48 Bow Saw
24:53 Careening
24:54 Clinker Construction
25:14 Gillnets
29:16 Imperial Age
28:16 Bodkin Arrow
28:25 Stronghold
28:27 Gambesons
28:44 Loom
29:16 Hand Cart
28:46 Town Watch
31:15 Chemistry
31:06 Heavy Plow
32:42 Conscription
34:19 Heavy Warships
34:28 Town Patrol
35:19 Siege Engineers
35:36 Ballistics
Shiverpops
11:30 Feudal Age
15:51 Castle Age
14:39 Double-Bit Axe
14:40 Horse Collar
17:32 Gold Mining
19:08 Fletching
19:42 Medium Warships
21:00 Bodkin Arrow
25:22 Stone Mining
26:22 Heavy Plow
28:22 Wheelbarrow
28:29 Bow Saw
29:39 Gold Shaft Mining
37:04 Imperial Age
34:51 Hand Cart
34:21 Loom
Connection lost

Rejoining the realm…

Still unreachable

The connection could not be restored.

Session expired

The server has moved on; the page needs a fresh start.